 Dungeon Crawl Stone Soup version 0.22.1-1-ga44c0e56f4 (webtiles) character file.

598 Kaderl the Cudgeler (level 7, -3/61 HPs)
             Began as a Hill Orc Monk on Nov 2, 2018.
             Was a Follower of Beogh.
             Killed by nerve-wracking pain
             ... invoked by Grinder
              (12 damage)
             ... on level 5 of the Dungeon.
             The game lasted 00:13:08 (6008 turns).

Kaderl the Cudgeler (Hill Orc Monk)                 Turns: 6008, Time: 00:13:09

Health: -3/61      AC: 12    Str: 15    XL:     7   Next: 40%
Magic:  3/7        EV: 12    Int: 10    God:    Beogh [*.....]
Gold:   18         SH:  0    Dex: 14    Spells: 6/6 levels left

rFire    . . .     SeeInvis .   k - +0 flail
rCold    . . .     Gourm    .   (no shield)
rNeg     . . .     Faith    .   e - +0 ring mail
rPois    +         Spirit   .   (no helmet)
rElec    .         Reflect  .   q - +2 cloak
rCorr    .         Harm     .   (no gloves)
MR       .....                  h - +1 pair of boots
Stlth    +.........             (no amulet)
HPRegen  0.20/turn              n - ring of poison resistance
MPRegen  0.10/turn              o - +1 ring of protection

@: no status effects
A: no striking features
a: Renounce Religion


You were on level 5 of the Dungeon.
You worshipped Beogh.
Beogh was aware of your devotion.
You were not hungry.

You visited 1 branch of the dungeon, and saw 5 of its levels.

You collected 235 gold pieces.
You spent 217 gold pieces at shops.

Inventory:

Hand Weapons
 k - a +0 flail (weapon)
Armour
 e - a +0 ring mail (worn)
 h - a +1 pair of boots (worn)
 q - a +2 cloak (worn)
Jewellery
 j - an uncursed ring of ice {unknown}
 n - a ring of poison resistance (left hand)
 o - a +1 ring of protection (right hand)
Scrolls
 d - 2 scrolls of teleportation
 g - 2 scrolls of remove curse
Potions
 a - a potion of resistance {unknown}
 b - a potion of flight {unknown}
 f - a potion of degeneration {unknown}
 l - 4 potions of curing {unknown}
 m - a potion of brilliance {unknown}
Comestibles
 c - 2 rations


   Skills:
 + Level 5.0 Fighting
 + Level 6.3 Maces & Flails
 + Level 3.2 Armour
 + Level 3.6 Dodging
 + Level 2.1 Stealth
 + Level 1.3 Invocations


You had 6 spell levels left.
You didn't know any spells.
Your spell library was empty.

Dungeon Overview and Level Annotations

Branches:
Dungeon (5/15)
 Temple: D:4-7

Altars:
Dithmenos
Elyvilon
Okawaru
Uskayaw
Zin

Shops:
D:4 *

Annotations:
D:5 Grinder


Message History

Grinder gestures at you.
You suddenly lose the ability to move!
Grinder grins, showing sharp teeth.
Grinder gestures at you.
You struggle to resist.
Grinder says, "You look like you could use a good racking."
Grinder hits you but does no damage. Grinder hits you!
* * * LOW HITPOINT WARNING * * *
You writhe in agony.
* * * LOW HITPOINT WARNING * * *
Grinder hits you but does no damage.
Grinder says, "Just stop there for a second..."
Grinder completely misses you.
You can move again.
You hit Grinder.
Grinder is almost dead.
Grinder gestures at you. Pain shoots through your body!
You die...

#.....## #.....#
....... #.....#
##....... #....##
#........ ##....#
#........ #....##
#........ #.....#
#........
#.....####........
#..##.....@.......
#..##....5........
#.##..####........
###..## #........
#########.##
#......##
..........#
#...####
########..# #####
##.## ###### #..#
###....#


You could see Grinder.

Vanquished Creatures
  2 ogres (D:4)
  2 orc priests
  Crazy Yiuf (D:2)
  2 orc wizards
  2 iguanas (D:4)
  A worker ant (D:3)
  4 gnolls
  5 adders
  A shadow imp (D:5)
  An ooze (D:1)
  2 adder skeletons (D:4)
  A worm (D:4)
  3 dart slugs
  2 leopard geckos
  8 orcs
  6 giant cockroaches
  6 goblins
  9 hobgoblins
  12 jackals
  3 quokkas
  11 bats
  6 frilled lizards
  7 kobolds
  A leopard gecko skeleton (D:4)
  9 rats
107 creatures vanquished.

Vanquished Creatures (others)
  An orc wizard (D:3)
  An orc priest (D:3)
  3 orcs (D:3)
5 creatures vanquished.

Grand Total: 112 creatures vanquished

Notes
Turn   | Place    | Note
-------+----------+-------------------------------------------
     0 | D:1      | Kaderl the Hill Orc Monk began the quest for the Orb.
     0 | D:1      | Reached XP level 1. HP: 19/19 MP: 1/1
   346 | D:1      | Reached XP level 2. HP: 20/27 MP: 2/2
   507 | D:1      | Reached XP level 3. HP: 6/33 MP: 3/3
   546 | D:1      | Reached skill level 4 in Maces & Flails
   928 | D:1      | You fall through a shaft!
  1146 | D:2      | Reached XP level 4. HP: 27/40 MP: 4/4
  1378 | D:2      | Found a hide-covered altar of Uskayaw.
  1387 | D:2      | Reached skill level 1 in Armour
  2109 | D:2      | Found a runed door.
  2397 | D:2      | Noticed Crazy Yiuf
  2422 | D:2      | Killed Crazy Yiuf
  2422 | D:2      | Reached XP level 5. HP: 15/46 MP: 2/5
  2794 | D:3      | Became a worshipper of Beogh the Brigand
  2794 | D:3      | Reached * piety under Beogh
  2794 | D:3      | Reached ** piety under Beogh
  3853 | D:3      | Reached skill level 5 in Maces & Flails
  3957 | D:3      | Reached XP level 6. HP: 38/53 MP: 2/6
  4296 | D:3      | Found an iron altar of Okawaru.
  4752 | D:4      | Reached skill level 6 in Maces & Flails
  4752 | D:4      | Reached skill level 1 in Invocations
  4752 | D:4      | Reached XP level 7. HP: 18/60 MP: 4/7
  4808 | D:4      | Found a glowing silver altar of Zin.
  4810 | D:4      | Found a shadowy altar of Dithmenos.
  4889 | D:4      | Found a white marble altar of Elyvilon.
  4945 | D:4      | Reached skill level 5 in Fighting
  5432 | D:4      | Found Willuar's Assorted Antiques.
  5440 | D:4      | Bought a runed cloak for 217 gold pieces
  5919 | D:5      | Entered Level 5 of the Dungeon
  5981 | D:5      | Noticed Grinder
  5982 | D:5      | Paralysed by Grinder for 5 turns
  6002 | D:5      | Paralysed by Grinder for 6 turns
  6008 | D:5      | Killed from afar by Grinder

Skill      XL: |  1  2  3  4  5  6  7 |
---------------+----------------------+-----
Maces & Flails | 4 5 6 |  6.3
Dodging        | 3 |  3.6
Armour         | 1 2 3 |  3.2
Fighting       | 4 5 |  5.0
Stealth        | 2 |  2.1
Invocations    | 1 |  1.3

Action                   |  1- 3 |  4- 6 |  7- 9 || total
-------------------------+-------+-------+-------++-------
Melee: Mace              |   141 |   148 |       ||   289
       Flail             |       |    99 |    58 ||   157
Invok: Smiting           |       |     5 |     3 ||     8
       Convert to Beogh  |       |     1 |       ||     1
  Use: Scroll            |     1 |     4 |     1 ||     6
       Potion            |       |     1 |       ||     1
 Stab: Invisible         |       |     1 |       ||     1
       Sleeping          |       |     4 |     1 ||     5
  Eat: Ration            |     1 |     3 |     1 ||     5
Armor: Robe              |     5 |       |       ||     5
       Ring mail         |    75 |   128 |    26 ||   229
Dodge: Dodged            |   144 |   189 |    22 ||   355
